 Dungeon Crawl Stone Soup version 0.23.2-1-ga50397a (webtiles) character file.

Game seed: 727679989381678210

53 Iscandelvey the Vexing (level 3, 0/26 HPs)
             Began as a Demonspawn Arcane Marksman on May 2, 2019.
             Succumbed to an adder's poison
             ... on level 2 of the Dungeon.
             The game lasted 00:03:08 (1501 turns).

Iscandelvey the Vexing (Demonspawn Arcane Marksman) Turns: 1501, Time: 00:03:09

Health: 0/26       AC:  2    Str: 10    XL:     3   Next: 64%
Magic:  5/5        EV: 18    Int: 20    God:
Gold:   65         SH:  0    Dex: 18    Spells: 3/4 levels left

rFire    . . .     SeeInvis .   l - +1 dagger (freeze)
rCold    . . .     Gourm    .   (no shield)
rNeg     . . .     Faith    .   e - +0 robe
rPois    .         Spirit   .   (no helmet)
rElec    .         Reflect  .   (no cloak)
rCorr    .         Harm     .   (no gloves)
MR       .....                  (no boots)
Stlth    +++.......             (no amulet)
HPRegen  0.08/turn              (no ring)
MPRegen  0.09/turn              (no ring)

@: brilliant, agile, lethally poisoned (0 -> -5)
A: powered by pain 2
a: no special abilities


You were on level 2 of the Dungeon.
You were hungry.

You visited 1 branch of the dungeon, and saw 2 of its levels.

You collected 65 gold pieces.

Inventory:

Hand Weapons
 a - a +0 hand crossbow
 h - a +0 hand axe
 l - a +1 dagger of freezing (weapon)
Missiles
 d - 16 bolts
Armour
 e - a +0 robe (worn)
Scrolls
 b - 2 scrolls of remove curse {unknown}
 c - 2 scrolls of amnesia {unknown}
 g - 2 scrolls of teleportation {unknown}
 i - 3 scrolls of identify {unknown}
 k - a scroll of enchant armour {unknown}
Comestibles
 f - 5 rations


   Skills:
 - Level 1.0 Fighting
 * Level 2.7 Crossbows
 + Level 2.0 Dodging
 - Level 0.3 Stealth
 + Level 1.3 Spellcasting
 * Level 3.6 Hexes


You had 3 spell levels left.
You knew the following spells:

 Your Spells              Type           Power        Failure   Level  Hunger
a - Corona                Hex            ####...      1%          1    ##.....

Your spell library contained the following spells:

 Spells                   Type           Power        Failure   Level  Hunger
 Slow                     Hex            ####....     1%          2    ###....
 Inner Flame              Hex/Fire       ###.....     3%          3    ####...
 Portal Projectile        Hex/Tloc       ###...       3%          3    ####...
 Cause Fear               Hex            ####......   4%          4    #####..
 Leda's Liquefaction      Hex/Erth       ###.......   10%         4    #####..


Dungeon Overview and Level Annotations

Branches:
Dungeon (2/15)

Altars:
Kikubaaqudgha
Trog


Innate Abilities, Weirdness & Mutations

You sometimes gain power by taking damage.


Message History

You feel sick.
You are too injured to fight recklessly!
It was a potion of brilliance.
You feel clever all of a sudden.
* * * LOW HITPOINT WARNING * * *
You feel sick.
It was a potion of agility.
You feel agile all of a sudden.
* * * LOW HITPOINT WARNING * * *
You feel sick.
There is a lethal amount of poison in your body!
* * * LOW HITPOINT WARNING * * *
You feel sick.
* * * LOW HITPOINT WARNING * * *
You feel sick.
* * * LOW HITPOINT WARNING * * *
You feel sick.
* * * LOW HITPOINT WARNING * * *
You feel sick.
You die...

######.#...###.#
....##...#w# #..
....######.# #.# ....# #.#
#.# .†..# #.# #.##### ....#
#.###<....# ....#
#..w......# ....###
#..################ ......#
#....)#@..........#
....♣.♣#♣#♣#...#.#########.#
....#......#...#.# .#
###.♣.....♣#.....# .#
###........###.### .#
..##♣.....♣....# .# #.#
#.......#### .# #.#
♣#♣#♣#♣.##### .# #.#
#....(.#


There were no monsters in sight!

Vanquished Creatures
  2 adders (D:2)
  An ooze (D:2)
  A worm (D:2)
  A leopard gecko (D:1)
  2 giant cockroaches
  6 goblins
  3 hobgoblins
  2 kobolds (D:2)
  3 bats
  A frilled lizard (D:1)
  5 rats (D:1)
27 creatures vanquished.

Notes
Turn   | Place    | Note
-------+----------+-------------------------------------------
     0 | D:1      | Iscandelvey the Demonspawn Arcane Marksman began the quest
                  | for the Orb.
     0 | D:1      | Reached XP level 1. HP: 15/15 MP: 2/2
   248 | D:1      | Gained mutation: You sometimes gain a little power by
                  | taking damage. [demonic ancestry]
   248 | D:1      | Reached XP level 2. HP: 21/21 MP: 3/3
  1041 | D:2      | Gained mutation: You sometimes gain power by taking damage.
                  | [demonic ancestry]
  1041 | D:2      | Reached XP level 3. HP: 14/26 MP: 4/4
  1067 | D:2      | Found an ancient bone altar of Kikubaaqudgha.
  1281 | D:2      | Found a bloodstained altar of Trog.
  1498 | D:2      | HP: 1/26 [poisoned by an adder]
  1501 | D:2      | Succumbed to an adder's poison

Skill      XL: |  1  2  3 |
---------------+----------+-----
Crossbows      | 2 |  2.7
Dodging        | 2 |  2.0
Fighting       | |  1.0
Stealth        | |  0.3
Spellcasting   | |  1.3
Hexes          | |  3.6

Action                   || total
-------------------------++-------
Melee: Hand axe          ||    29
       Dagger            ||     7
 Fire: Hand crossbow     ||    52
 Cast: Corona            ||     1
  Use: Potion            ||     2
 Stab: Sleeping          ||     2
  Eat: Chunk             ||     1
Armor: Robe              ||    18
Dodge: Dodged            ||    41
